 Dungeon Crawl Stone Soup version 0.31.0-32-g396128a36d (webtiles) character file.

Game seed: 13347379734232968768

166 MollyMolluskus the Ducker (level 5, -4/36 HPs)
             Began as an Octopode Fighter on Apr 2, 2024.
             Slain by Consumeair16's ghost (11 damage)
             ... on level 3 of the Dungeon.
             The game lasted 00:05:34 (2365 turns).

MollyMolluskus the Ducker (Octopode Fighter)        Turns: 2365, Time: 00:05:35

Health: -4/36      AC:  1    Str: 17    XL:     5   Next: 47%
Magic:  0/5        EV: 13    Int: 14    God:
Gold:   165        SH:  5    Dex: 11    Spells: 4/4 levels left

rFire   . . .        l - +9 hand axe "Rivu" {freeze, Int+3}
rCold   . . .        a - +1 buckler
rNeg    . . .        (helmet restricted)
rPois   .            d - amulet of guardian spirit
rElec   .            (no ring)
rCorr   .            (no ring)
SInv    .            (no ring)
Will    .....        (no ring)
Stlth   +++          (no ring)
HPRegen 0.26/turn    (no ring)
MPRegen 0.09/turn    (no ring)
                     (no ring)

%: guardian spirit
@: no status effects
A: almost no armour, amphibious, 8 rings, camouflage 1, gelatinous body 1,
(nimble swimmer 1), tentacles
a: no special abilities


You were on level 3 of the Dungeon.
You visited 1 branch of the dungeon, and saw 3 of its levels.

You collected 165 gold pieces.

Inventory:

Hand Weapons
 l - the +9 hand axe "Rivu" (weapon) {freeze, Int+3}
   (You took it off a goblin on level 2 of the Dungeon)

   Int+3:     It affects your intelligence (+3).
Missiles
 c - 40 stones (quivered)
Armour
 a - a +1 buckler (worn)
Jewellery
 d - an amulet of guardian spirit (around mantle)
 f - a ring of fire
 g - a ring of fire
Wands
 n - a wand of mindburst (18)
Potions
 b - a potion of might
 e - a potion of haste
 h - a potion of ambrosia
 i - a potion of curing {unknown}
 j - a potion of degeneration {unknown}
 k - a potion of attraction {unknown}
 m - a potion of cancellation {unknown}
 o - a potion of heal wounds {unknown}
 p - a potion of lignification {unknown}
 q - a potion of magic {unknown}


   Skills:
 + Level 3.6 Fighting
 + Level 3.6 Dodging
 + Level 2.5 Stealth
 + Level 3.5 Shields
 * Level 3.6 Unarmed Combat


You had 4 spell levels left.
You didn't know any spells.
Your spell library contained the following spells:

 Spells                   Type           Power      Damage    Failure   Level
 Cigotuvi's Dreadful Rot  Necr/Alch/Air  0%         N/A       50%         2
 Lesser Beckoning         Tloc           0%         N/A       50%         2
 Gell's Gravitas          Tloc           0%         N/A       73%         3
 Teleport Other           Tloc           0%         N/A       73%         3
 Dispel Undead            Necr           0%         3d6       98%         4
 Martyr's Knell           Necr/Summ      0%         N/A       98%         4
 Death Channel            Necr           0%         N/A       100%        6


Dungeon Overview and Level Annotations

Branches:
Dungeon (3/15)

Altars:
Makhleb
Yredelemnul

Annotations:
D:3 Consumeair16's ghost, weakling DsGl


Innate Abilities, Weirdness & Mutations

You cannot wear most types of armour.
You are amphibious.
You can wear up to eight rings at the same time.
Your skin changes colour to match your surroundings (Stealth+).
Your rubbery body absorbs attacks. (AC +1, EV +1)
((You are camouflaged when in or above water. (Stealth+)))
You have tentacles for arms and can constrict up to eight enemies at once.


Message History

Found a scroll of identify.
The helpless goblin fails to defend itself.
You slash the goblin! You freeze the goblin.
You kill the goblin!
q - an emerald potion
r - a scroll of identify
As you read the scroll of identify, it crumbles to dust.
h - a potion of ambrosia A giant cockroach comes into view.
Found 6 gold pieces.
You completely miss the giant cockroach.
You grab the giant cockroach. You constrict the giant cockroach.
You block the giant cockroach's attack. The giant cockroach barely misses you.
You slash the giant cockroach! You freeze the giant cockroach.
You kill the giant cockroach!
You see here a giant cockroach corpse.
You now have 165 gold pieces (gained 6).
You see here a giant cockroach corpse.
Things that are here:
a +0 whip; a +0 club; a +0 spear
There is a stone staircase leading up here.
You see here a +0 dagger.
You open the door.
There is an open door here.
You open the gate. You slash Consumeair16's ghost!
You freeze Consumeair16's ghost.
Consumeair16's ghost is moderately damaged.
Consumeair16's ghost hits you.
You hit Consumeair16's ghost but do no damage.
Consumeair16's ghost is moderately damaged.
Consumeair16's ghost hits you! x2
You slash Consumeair16's ghost! You freeze Consumeair16's ghost.
Your squeeze misses Consumeair16's ghost.
Consumeair16's ghost is almost destroyed.
Consumeair16's ghost hits you!
* * * LOW HITPOINT WARNING * * *
You barely miss Consumeair16's ghost.
Consumeair16's ghost is almost destroyed.
Consumeair16's ghost hits you!
You die...

# # ### ###### #..
#....#### #.#
#'##....# #.#
####.#####.# #.#
###....# #.#####.#
##.#@#### #.......#
#....W.$# #.#######
#._..'.$#####.#####
#....'.$##........###
##.#.########.#......
###....# #.#...###
####.# #.##### #'###
#.#### #.#.# #....#


You could see Consumeair16's ghost.

Vanquished Creatures
  A hound zombie (D:3)
  3 gnolls (D:3)
  6 adders
  An adder zombie (D:3)
  A dart slug (D:3)
  4 endoplasms
  3 giant cockroaches
  9 goblins
  4 hobgoblins
  3 jackals (D:2)
  5 quokkas
  A ball python (D:1)
  8 bats
  2 frilled lizards
  7 kobolds
  7 rats
65 creatures vanquished.

Notes
Turn   | Place    | Note
-------+----------+-------------------------------------------
     0 | D:1      | MollyMolluskus the Octopode Fighter began the quest for the
                  | Orb.
     0 | D:1      | Reached XP level 1. HP: 16/16 MP: 1/1
    98 | D:1      | Reached XP level 2. HP: 19/21 MP: 2/2
   129 | D:1      | Reached skill level 1 in Stealth
   740 | D:2      | Reached XP level 3. HP: 24/26 MP: 1/3
   915 | D:2      | Identified the +9 hand axe "Rivu" {freeze, Int+3}
  1177 | D:2      | Found a burning altar of Makhleb.
  1180 | D:2      | Reached XP level 4. HP: 25/31 MP: 4/4
  1651 | D:3      | Reached XP level 5. HP: 36/36 MP: 5/5
  1748 | D:3      | Found a runed translucent gate.
  1748 | D:3      | Found a basalt altar of Yredelemnul.
  1748 | D:3      | Found a runed translucent gate.
  1748 | D:3      | Found a runed translucent gate.
  1748 | D:3      | Noticed Consumeair16's ghost (weakling DsGl)
  2365 | D:3      | Slain by Consumeair16's ghost

Illustrated notes

Levels and vault maps discovered:
D:1:      lemuel_arrival_rhombus, layout_basic, chequers_serial_rivers_micro_c
D:2:      layout_loops_ring, basic_altar, minmay_quantized
D:3:      layout_loops_ring, nicolae_yredelemnul_ghost_church

Skill      XL: |  1  2  3  4 |
---------------+-------------+-----
Stealth        | 1 2 |  2.5
Unarmed Combat | 3 |  3.6
Fighting       | |  3.6
Dodging        | |  3.6
Shields        | |  3.5

Action                     |  1- 3 |  4- 6 || total
---------------------------+-------+-------++-------
  Melee: Unarmed           |    64 |       ||    64
         Constrict         |    15 |    12 ||    27
         Tentacles         |     7 |     7 ||    14
         Hand axe          |     7 |    47 ||    54
         Punch             |       |     1 ||     1
  Throw: Stone             |     8 |       ||     8
    Use: Scroll            |     4 |     2 ||     6
   Stab: Sleeping          |     8 |     6 ||    14
 Armour: Skin              |    23 |    25 ||    48
  Dodge: Dodged            |    33 |    17 ||    50
  Block: Buckler           |     9 |     5 ||    14
